 Dungeon Crawl Stone Soup version 0.29-a0-284-gf9362112df (webtiles) character file.

Game seed: 13568550886334627101

2958 juncz the Thaumaturge (level 9, -1/54 (62) HPs)
             Began as a Purple Draconian Ice Elementalist on Mar 15, 2022.
             Was a Believer of Vehumet.
             Slain by a wight
             ... wielding a +1 long sword
              (5 damage)
             ... on level 8 of the Dungeon.
             The game lasted 00:33:37 (8021 turns).

juncz the Thaumaturge (DrIE)                        Turns: 8021, Time: 00:33:40

HP:   -1/54 (62)    AC: 17    Str: 10    XL:     9   Next: 52%
MP:   19/23         EV: 12    Int: 19    God:    Vehumet [**....]
Gold: 530           SH:  0    Dex: 13    Spells: 22/29 levels left

rFire   . . .      SeeInvis .   u - +1 spear (venom)
rCold   . . .      Faith    .   (no shield)
rNeg    . . .      Spirit   .   (body armour unavailable)
rPois   .          Reflect  .   (helmet restricted)
rElec   .          Harm     .   (no cloak)
rCorr   .          Rampage  .   d - +0 pair of gloves
Will    .....                   b - +0 pair of boots
Stlth   ++........              (no amulet)
HPRegen 0.18/turn               y - ring of wizardry
MPRegen 0.18/turn               (no ring)

@: ice-armoured, weak-willed, heavily drained
A: breathe power, AC +7, unfitting armour, cold-blooded
a: Breathe Dispelling Energy, Renounce Religion


You were on level 8 of the Dungeon.
You worshipped Vehumet.
Vehumet was pleased with you.
You visited 2 branches of the dungeon, and saw 9 of its levels.

You collected 530 gold pieces.

Inventory:

Hand Weapons
 e - a +0 mace
 u - a +1 spear of venom (weapon)
 v - a +0 flail of holy wrath
Missiles
 h - 251 stones (quivered)
 l - 3 poisoned darts
Armour
 b - a +0 pair of boots (worn)
 d - a +0 pair of gloves (worn)
Magical Staves
 c - a staff of cold
 o - a staff of earth
Jewellery
 x - a +6 ring of dexterity
 y - a ring of wizardry (left hand)
Wands
 n - a wand of iceblast (7)
 z - a wand of polymorph (8)
Scrolls
 g - a scroll of amnesia
 j - a scroll of summoning
 k - a scroll of fear {unknown}
 m - a scroll of vulnerability
 p - a scroll of torment
 q - a scroll of enchant armour {unknown}
 t - a scroll of teleportation {unknown}
 B - a scroll of brand weapon {unknown}
Potions
 a - 2 potions of magic
 f - a potion of brilliance
 i - 6 potions of curing
 r - a potion of resistance
 w - a potion of attraction {unknown}
 A - a potion of berserk rage {unknown}


   Skills:
 - Level 1.7 Dodging
 - Level 1.7 Stealth
 + Level 10.6 Spellcasting
 + Level 10.3 Ice Magic


You had 22 spell levels left.
You knew the following spells:

 Your Spells              Type           Power      Damage    Failure   Level
a - Freeze                Ice            100%       1d11      1%          1
b - Frozen Ramparts       Ice            98%        1d11      1%          3
c - Ozocubu's Armour      Ice            49%        N/A       1%          3

Your spell library contained the following spells:

 Spells                   Type           Power      Damage    Failure   Level
 Static Discharge         Conj/Air       10%        N/A       4%          2
 Hailstorm                Conj/Ice       29%        3d8       3%          4
 Ice Form                 Ice/Tmut       29%        N/A       3%          4
 Gell's Gravitas          Tloc           10%        N/A       9%          3
 Lesser Beckoning         Tloc           10%        N/A       9%          3
 Teleport Other           Tloc           10%        N/A       9%          3
 Simulacrum               Ice/Necr       14%        N/A       45%         6


Dungeon Overview and Level Annotations

Branches:
Dungeon (8/15)             Temple (1/1) D:4            Lair (0/6) D:8

Altars:
Ashenzari
Cheibriados
Dithmenos
Elyvilon
Fedhas
Gozag
Hepliaklqana
Kikubaaqudgha
Makhleb
Nemelex Xobeh
Okawaru
Qazlal
Ru
Sif Muna
Trog
Uskayaw
Vehumet
Wu Jian
Xom
Yredelemnul
Zin
The Shining One

Shops:
D:3 [

Annotations:
D:4 1 runed translucent door, pigah's ghost, amateur OpAE


Innate Abilities, Weirdness & Mutations

You can breathe bolts of dispelling energy.
Your rich purple scales are hard. (AC +7)
You cannot fit into any form of body armour.
You are cold-blooded and may be slowed by cold attacks.


Message History

You feel drained.
Casting: Frozen Ramparts (safe; 1% risk of failure)
Confirm with . or Enter, or press ? or * to list all spells.
Okay, then.
The wight attacks as you move away! The wight barely misses you.
Casting: Frozen Ramparts (safe; 1% risk of failure)
Confirm with . or Enter, or press ? or * to list all spells.
A film of ice covers your body! The wight hits you with a +0 scimitar.
You feel drained.
You are too injured to fight recklessly!
You hit the wight.
The wight is lightly damaged.
The wight hits you with a +0 scimitar.
You feel drained.
You hit the wight but do no damage.
The wight is lightly damaged.
You hear some strange, mumbled words.
A puff of flame appears from out of thin air!
The puff of flame hits you. The heat melts your icy armour.
You barely miss the wight. The wight hits you but does no damage.
Something hits you but does no damage. The wight hits you but does no damage.
Unknown command.
Your icy armour will break if you move.
Continue?
Okay, then.
Unknown command.
As you read the scroll labelled NUGGEF BIMYXY, it crumbles to dust.
Magic quickly surges around you.
It was a scroll of vulnerability.
The wight hits you with a +0 scimitar!
* * * LOW HITPOINT WARNING * * *
Something hits you but does no damage.
The wight hits you with a +1 long sword.
* * * LOW HITPOINT WARNING * * *
You feel drained.
As you read the scroll labelled TEZOURRIUFF, it crumbles to dust.
Your body is wracked with pain!
* * * LOW HITPOINT WARNING * * *
Something is bathed in an unholy light!
It was a scroll of torment.
The wight hits you but does no damage. Something hits you but does no damage.
The wight hits you with a +1 long sword.
You die...

......# ......# ......#
......# ......# ####+##
####+############.......
......##................
......#........{z.......
......#.......zz@.......
......#........######'##
......#........##.....####.
########......z#............
......##.......#........[...
......##......z##...........
......##.......##..z>.......
......................z.....
............................


You could see 3 wights.

Vanquished Creatures
  A queen bee (shapeshifter) (D:8)
  A steam dragon (D:8)
  2 water moccasins (D:7)
  An ice beast (D:5)
  An orc warrior (D:7)
  3 black bears
  An ogre (D:5)
  5 sky beasts
  2 centaurs (D:7)
  A kobold brigand (D:8)
  A bullfrog (D:8)
  2 scorpions (D:5)
  A necrophage (D:6)
  5 killer bees
  2 howler monkeys (D:7)
  A hound (D:7)
  A gnoll shaman (D:4)
  3 orc priests
  2 iguanas
  5 orc wizards
  Robin (D:4)
  7 adders
  6 gnolls
  A shadow imp (D:6)
  2 ufetubi
  2 worms (D:2)
  5 dart slugs
  24 orcs
  3 bats
  3 endoplasms
  5 giant cockroaches
  5 goblins
  10 hobgoblins
  4 jackals (D:1)
  13 kobolds
  5 quokkas
  7 ball pythons
  5 frilled lizards
  6 rats
155 creatures vanquished.

Notes
Turn   | Place    | Note
-------+----------+-------------------------------------------
     0 | D:1      | juncz the Draconian Ice Elementalist began the quest for
                  | the Orb.
     0 | D:1      | Reached XP level 1. HP: 14/14 MP: 3/3
   440 | D:1      | Reached XP level 2. HP: 20/20 MP: 1/5
   890 | D:1      | Found a faded altar of an unknown god.
  1460 | D:2      | Reached XP level 3. HP: 26/26 MP: 5/7
  1464 | D:2      | Learned a level 3 spell: Frozen Ramparts
  1468 | D:2      | Learned a level 3 spell: Ozocubu's Armour
  1913 | D:2      | You fall into a shaft and drop 2 floors!
  1935 | D:4      | Reached XP level 4. HP: 29/33 MP: 0/8
  1985 | D:4      | Reached skill level 5 in Ice Magic
  2226 | D:4      | Identified a scroll of acquirement
  2226 | D:4      | Acquired a staff of cold
  2486 | D:3      | Reached XP level 5. HP: 35/38 MP: 5/10
  3062 | D:2      | Identified the +1 ring mail of the Hidden Queens {rN+}
  3193 | D:3      | Found Kireare's Armour Emporium.
  3638 | D:3      | Found a sparkling altar of Nemelex Xobeh.
  3947 | D:4      | Found a staircase to the Ecumenical Temple.
  3985 | Temple   | Entered the Ecumenical Temple
  4232 | Temple   | Became a worshipper of Vehumet
  4304 | D:4      | Found a runed translucent door.
  4308 | D:4      | Noticed pigah's ghost (amateur OpAE)
  4328 | D:4      | Reached XP level 6. HP: 27/45 MP: 9/12
  4720 | D:4      | Noticed Robin
  4723 | D:4      | Killed Robin
  4976 | D:5      | Entered Level 5 of the Dungeon
  5076 | D:5      | Noticed a sky beast
  5086 | D:5      | Killed a sky beast
  5135 | D:5      | Reached skill level 5 in Spellcasting
  5135 | D:5      | Your scales start taking on a rich purple colour.
  5135 | D:5      | Reached XP level 7. HP: 42/50 MP: 12/16
  5993 | D:6      | Reached XP level 8. HP: 57/57 MP: 17/19
  6186 | D:6      | Reached * piety under Vehumet
  6186 | D:6      | Offered knowledge of Magic Dart by Vehumet.
  7232 | D:7      | Reached XP level 9. HP: 62/62 MP: 18/22
  7551 | D:8      | Reached skill level 10 in Spellcasting
  7967 | D:8      | Found a staircase to the Lair.
  7972 | D:8      | Noticed a yaktaur
  7981 | D:8      | Noticed a salamander
  7981 | D:8      | a yaktaur changed into a salamander
  7983 | D:8      | Noticed a queen bee
  7983 | D:8      | a salamander changed into a queen bee
  7983 | D:8      | Offered knowledge of Static Discharge by Vehumet.
  7984 | D:8      | Reached skill level 10 in Ice Magic
  7987 | D:8      | Killed a queen bee
  7987 | D:8      | Reached ** piety under Vehumet
  8021 | D:8      | Slain by a wight

Illustrated notes

Levels and vault maps discovered:
D:1:      heliophobic_arrival_henge, layout_loops_ring, basic_ecumenical_altar
D:2:      layout_basic, serial_corexii_hall, corexii_hall_statues_x,
          chequers_hall_statues_wall_a, chequers_hall_statues_y,
          chequers_avenue, hex_large
D:3:      layout_basic, nemelex_altar_shiori, serial_shops, shop,
          grunt_decor_one_mirror, kennysheep_generic_room_5
D:4:      minmay_door_path, layout_rooms, minmay_temple_entry_drinking_statues,
          ebering_ghost_reflecting_pool, nrook_loot_triangle, minmay_surrounded,
          uniq_robin
D:5:      layout_basic, serial_glass, glass_columns_b, glass_columns_b,
          sigmund_army
D:6:      layout_loops_ring
D:7:      layout_loops_cross
D:8:      layout_gridville, lair_entry_dummy
Temple:   mainiacjoe_temple_archimedes_tessellation

Skill      XL: |  1  2  3  4  5  6  7  8  9 |
---------------+----------------------------+-----
Spellcasting   | 3 4 6 7 9 10 | 10.6
Ice Magic      | 5 6 7 9 10 | 10.3
Dodging        | |  1.7
Stealth        | |  1.7

Action                   |  1- 3 |  4- 6 |  7- 9 || total
-------------------------+-------+-------+-------++-------
Melee: Mace              |    37 |    12 |       ||    49
       Tailslap          |     3 |     9 |    12 ||    24
       Staff             |       |    21 |       ||    21
       Spear             |       |    15 |   130 ||   145
       Punch             |       |       |     2 ||     2
Throw: Stone             |       |     1 |     3 ||     4
 Cast: Freeze            |    30 |    29 |    13 ||    72
       Frozen Ramparts   |     3 |    26 |    28 ||    57
       Ozocubu's Armour  |     1 |     3 |     3 ||     7
 Abil: Breathe Dispellin |       |       |     3 ||     3
  Use: Scroll            |       |     7 |     4 ||    11
       Potion            |       |       |     1 ||     1
 Stab: Sleeping          |     1 |       |     2 ||     3
Armor: Skin              |    30 |    30 |    69 ||   129
Dodge: Dodged            |    37 |    41 |    74 ||   152

Table legend: (Time is in decaauts)
 A = Elapsed time spent in this place.
 B = Non-inter-level travel time spent in this place.
 C = Inter-level travel time spent in this place.
 D = Time resting spent in this place.
 E = Time spent auto-exploring this place.
 F = Levels seen in this place.
 G = Mean time per level.
                   A        B        C        D        E       F      G
               +--------+--------+--------+--------+--------+-----+--------+
         Total |   8061 |   7804 |    257 |    845 |   5742 |   9 |  895.7 |
       Dungeon |   7783 |   7599 |    184 |    845 |   5557 |   8 |  972.9 |
        Temple |    278 |    205 |     73 |      0 |    185 |   1 |  278.0 |
               +--------+--------+--------+--------+--------+-----+--------+

Top non-repeatable levels by time:
     D:1: 1420 daAuts
     D:4: 1376 daAuts
     D:2: 1082 daAuts
     D:7: 884 daAuts
     D:3: 844 daAuts
     D:6: 833 daAuts
     D:5: 811 daAuts
     D:8: 529 daAuts
  Temple: 278 daAuts
